 Dungeon Crawl Stone Soup version 0.31-a0-233-g139696dc86 (webtiles) character file.

Game seed: 3764988006230310256

130 qw the Shooter (level 5, -5/30 HPs)
             Began as a Gargoyle Hexslinger on July 8, 2023.
             Slain by a gnoll
             ... wielding a +0 flail
              (7 damage)
             ... on level 3 of the Dungeon.
             The game lasted 00:00:48 (2187 turns).

qw the Shooter (Gargoyle Hexslinger)                Turns: 2187, Time: 00:00:49

Health: -5/30      AC:  9    Str: 12    XL:     5   Next: 14%
Magic:  6/6        EV: 10    Int: 13    God:
Gold:   35         SH:  0    Dex: 14    Spells: 5/6 levels left

rFire   . . .        Y - +1 sling
rCold   . . .        (no shield)
rNeg    + . .        i - +0 ring mail
rPois   inf          (no helmet)
rElec   +            (no cloak)
rCorr   .            (no gloves)
SInv    .            (no boots)
Will    .....        (no amulet)
Stlth   +            (no ring)
HPRegen 0.25/turn    (no ring)
MPRegen 0.10/turn

%: no passive effects
@: about to teleport
A: sickness immunity, AC +4, negative energy resistance 1, electricity
resistance, torment resistance 1, petrification resistance
a: no special abilities


You were on level 3 of the Dungeon.
You visited 1 branch of the dungeon, and saw 3 of its levels.

You collected 110 gold pieces.
You spent 75 gold pieces at shops.


Innate Abilities, Weirdness & Mutations

You are immune to sickness and miasma.
Your stone body is resilient. (AC +4)
You are immune to poison.
You resist negative energy. (rN+)
You are resistant to electric shocks. (rElec)
You are resistant to unholy torment.
You are immune to petrification.


   Skills:
 - Level 2.0 Fighting
 + Level 4.7 Ranged Weapons
 - Level 1.0 Armour
 - Level 1.5 Dodging
 - Level 1.0 Spellcasting
 - Level 2.6 Hexes


You had 5 spell levels left.
You knew the following spells:

 Your Spells              Type           Power      Damage    Failure   Level
a - Slow                  Hex            28%        N/A       22%         1

Your spell library contained the following spells:

 Spells                   Type           Power      Damage    Failure   Level
 Inner Flame              Hex/Fire       4%         N/A       73%         3
 Portal Projectile        Hex/Tloc       8%         N/A       73%         3
 Cause Fear               Hex            3%         N/A       91%         4

Inventory:

Hand Weapons
 Y - a +1 sling (weapon)
Armour
 i - a +0 ring mail (worn)
Scrolls
 a - a scroll of enchant armour
 f - 2 scrolls of teleportation
Potions
 d - a potion of berserk rage {unknown}
 h - a potion of lignification {unknown}

Dungeon Overview and Level Annotations

Branches:
Dungeon (3/15)

Altars:
Gozag

Shops:
D:3 *

Annotations:
D:3 1 runed translucent door, Crazy Yiuf


Message History

You have reached level 5!
2175 ||| Stepping ~*~*~tactically~*~*~ (outnumbered).
You shoot a sling bullet.
The sling bullet barely misses the gnoll.
The gnoll barely misses you.
You shoot a sling bullet. The sling bullet hits the gnoll.
The gnoll is lightly wounded.
The gnoll hits you but does no damage. x2
You shoot a sling bullet.
The sling bullet barely misses the gnoll.
The gnoll hits you from afar with a +0 spear.
You shoot a sling bullet.
The sling bullet closely misses the gnoll.
The gnoll closely misses you.
You shoot a sling bullet.
The sling bullet barely misses the gnoll.
The gnoll hits you from afar with a +0 spear. x2
You shoot a sling bullet. The sling bullet hits the gnoll.
The gnoll is moderately wounded.
The gnoll closely misses you.
You shoot a sling bullet. The sling bullet hits the gnoll.
The gnoll is severely wounded.
The gnoll closely misses you.
You shoot a sling bullet. The sling bullet hits the gnoll.
You kill the gnoll!
You shoot a sling bullet. The sling bullet hits the gnoll.
The gnoll is lightly wounded.
The gnoll throws a throwing net.
The throwing net closely misses you.
You shoot a sling bullet. The sling bullet hits the gnoll.
The gnoll is moderately wounded.
The gnoll hits you with a +0 flail.
You shoot a sling bullet.
The sling bullet hits the gnoll but does no damage.
The gnoll is moderately wounded.
The gnoll hits you with a +0 flail!
2187 ||| READING 3 scrolls of teleportation.
As you read the scroll of teleportation, it crumbles to dust.
You feel strangely unstable. The gnoll hits you with a +0 flail!
You die...

#..#..............
#..#######....###
#...# #...<...#
#.#'#####.#.###.#
###.#.##).#.# #
#####...##...##.#
#.'..(...######.#
#.##..\..##.# #.#
#..#.....@g.# #.#
##.##...###)# #.#
#.##.### )# #..#'#
g# ##..)# .# #####
.. #. #


You could see a gnoll.

Vanquished Creatures
  3 gnolls (D:3)
  5 adders (D:2)
  2 worms (D:2)
  3 dart slugs
  4 bats
  3 endoplasms
  4 giant cockroaches (D:2)
  4 hobgoblins
  3 jackals (D:1)
  3 quokkas
  6 goblins
  4 kobolds
  4 rats
48 creatures vanquished.

Notes
Turn   | Place    | Note
-------+----------+-------------------------------------------
     0 | D:1      | qw the Gargoyle Hexslinger began the quest for the Orb.
     0 | D:1      | Reached XP level 1. HP: 12/12 MP: 2/2
     0 | D:1      | 0 ||| qw: Version: 0.3-a-46-gb1f654a
     0 | D:1      | 0 ||| qw: Game counter: 3594
     0 | D:1      | 0 ||| qw: Melee chars always use a shield: true
     0 | D:1      | 0 ||| qw: God list: Okawaru
     0 | D:1      | 0 ||| qw: Allow faded altars: false
     0 | D:1      | 0 ||| qw: Do Orc after clearing Dungeon:15 true
     0 | D:1      | 0 ||| qw: Do second Lair branch before Depths: true
     0 | D:1      | 0 ||| qw: Lair rune preference: random
     0 | D:1      | 0 ||| qw: Goals: Normal
     0 | D:1      | 0 ||| PLANNING D:1-11
   341 | D:1      | Reached XP level 2. HP: 16/16 MP: 3/3
   634 | D:1      | Reached skill level 3 in Ranged Weapons
  1075 | D:1      | 1075 ||| UPGRADING to +0 leather armour.
  1085 | D:1      | 1085 ||| DROPPING +0 robe.
  1086 | D:1      | 1086 ||| UPGRADING to +0 ring mail.
  1096 | D:1      | 1096 ||| DROPPING +0 leather armour.
  1097 | D:1      | 1097 ||| READING scroll labelled ATHRES MUSHESCH.
  1098 | D:1      | 1098 ||| READING 2 scrolls labelled WEYDELAROE.
  1102 | D:1      | 1102 ||| DROPPING scroll of poison.
  1146 | D:2      | 1146 ||| STAIRDANCE
  1159 | D:2      | Reached XP level 3. HP: 21/21 MP: 4/4
  1427 | D:2      | Reached XP level 4. HP: 26/26 MP: 5/5
  1435 | D:2      | Reached skill level 4 in Ranged Weapons
  1691 | D:2      | Reached skill level 1 in Armour
  1695 | D:2      | Found an opulent altar of Gozag.
  1810 | D:2      | Found a faded altar of an unknown god.
  1963 | D:2      | 1963 ||| READING scroll labelled VOQAUMN FODAKK.
  1964 | D:2      | 1964 ||| READING scroll labelled GIBAKK FALLO.
  2006 | D:3      | 2006 ||| STAIRDANCE
  2093 | D:3      | Found a runed translucent door.
  2094 | D:3      | Noticed Crazy Yiuf
  2129 | D:3      | Found Mateiz Ulew's General Store.
  2135 | D:3      | 2135 ||| BUYING scroll of enchant armour (75 gold).
  2135 | D:3      | Bought a scroll of enchant armour for 75 gold pieces
  2135 | D:3      | 2135 ||| SHOPLISTING scroll of enchant weapon (75 gold,
                  | have 35).
  2160 | D:3      | 2160 ||| Stepping ~*~*~tactically~*~*~ (outnumbered).
  2175 | D:3      | Reached XP level 5. HP: 18/30 MP: 6/6
  2175 | D:3      | 2175 ||| Stepping ~*~*~tactically~*~*~ (outnumbered).
  2186 | D:3      | HP: 2/30 [gnoll/+0 flail (7)]
  2187 | D:3      | 2187 ||| READING 3 scrolls of teleportation.
  2187 | D:3      | Slain by a gnoll

Levels and vault maps discovered:
D:1:      lightli_arrival_flooded_house, layout_basic
D:2:      layout_basic, serial_forest, infiniplex_forest_clump_C,
          infiniplex_forest_clump_large, infiniplex_forest_clump_double,
          infiniplex_forest_clump_long, infiniplex_forest_straight_2,
          basic_altar, hellmonk_ecumenical_altar_crossroads, grunt_ministairs_5
D:3:      layout_rooms, grunt_ashenzari_visionary
          [grunt_ashenzari_visionary_swamp, grunt_ashenzari_visionary_spider],
          serial_shops, nicolae_shop_rolling_square,
          nicolae_shop_bloodbath_and_beyond, nicolae_shop_overgrown_old_shop,
          nicolae_shop_gaudy_bauble, uniq_crazy_yiuf_cottage, uniq_natasha

Skill      XL: |  1  2  3  4 |
---------------+-------------+-----
Ranged Weapons | 3 4 |  4.7
Fighting       | 2 |  2.0
Armour         | 1 |  1.0
Dodging        | |  1.5
Spellcasting   | |  1.0
Hexes          | |  2.6

Action                     |  1- 3 |  4- 6 || total
---------------------------+-------+-------++-------
   Fire: Sling             |   108 |    87 ||   195
    Use: Scroll            |     2 |     3 ||     5
 Armour: Robe              |     6 |       ||     6
         Ring mail         |    24 |    29 ||    53
  Dodge: Dodged            |    29 |    34 ||    63

Table legend:
 A = Non-vault XP
 B = Vault XP
 C = Vault XP percentage of total XP
 D = Non-vault monster count
 E = Vault monster count
 F = Vault count percentage of total count
                 A         B        C        D         E       F
            +---------+---------+-------+---------+---------+-------
      Total |     185 |       2 |   1.1 |      47 |       1 |   2.1
            +---------+---------+-------+---------+---------+-------
        D:1 |      31 |       0 |   0.0 |      19 |       0 |   0.0
        D:2 |     111 |       2 |   1.8 |      24 |       1 |   4.0
        D:3 |      43 |       0 |   0.0 |       4 |       0 |   0.0
            +---------+---------+-------+---------+---------+-------
